 Dungeon Crawl Stone Soup version 0.25-a0-294-gea9b1ad378 (webtiles) character file.

Game seed: 6814156599217283224, levelgen mode: classic

67981 Borgoz the Carver (level 15, -8/145 HPs)
             Began as a Gargoyle Berserker on Dec 19, 2019.
             Was a High Priest of Trog.
             Splashed by an oklob plant's acid (12 damage)
             ... on level 2 of the Lair of Beasts.
             The game lasted 00:36:55 (14642 turns).

Borgoz the Carver (Gargoyle Berserker)             Turns: 14642, Time: 00:36:56

Health: -8/145     AC: 23    Str: 27    XL:     15   Next: 25%
Magic:  0/17       EV: 15    Int: 12    God:    Trog [*****.]
Gold:   1216       SH:  0    Dex: 14    Spells: 14/14 levels left

rFire    + + .     SeeInvis .   a - +6 scimitar
rCold    x x .     Gourm    .   (no shield)
rNeg     + . .     Faith    .   M - +5 chain mail "Minkunku" {MR+}
rPois    ∞         Spirit   +   h - +0 helmet
rElec    +         Reflect  .   q - +2 cloak {MR+}
rCorr    .         Harm     .   x - +2 pair of gloves
MR       +++..                  z - +0 pair of boots
Stlth    ..........             H - amulet "Liukhiwe" {Spirit Int+4}
HPRegen  0.34/turn              G - ring of fire
MPRegen  0.15/turn              B - ring of fire

@: berserking, corroded, flying, very quick
A: big wings, negative energy resistance 1, electricity resistance, unbreathing,
petrification resistance, rot immunity, AC +11
a: Stop Flying, Berserk, Trog's Hand, Brothers in Arms, Renounce Religion


You were on level 2 of the Lair of Beasts.
You worshipped Trog.
Trog was extremely pleased with you.
You were very hungry.

You visited 3 branches of the dungeon, and saw 18 of its levels.
You also visited: Ossuary and Volcano.

You collected 1216 gold pieces.

Inventory:

Hand Weapons
 a - a +6 scimitar (weapon)
 b - a +3 great sword of flaming
 j - a +7 great sword
Missiles
 Q - a throwing net (quivered)
Armour
 h - a +0 helmet (worn)
 m - a +2 leather armour of cold resistance
 q - a +2 cloak of magic resistance (worn)
 x - a +2 pair of gloves (worn)
 z - a +0 pair of boots (worn)
 M - the +5 chain mail "Minkunku" (worn) {MR+}
   (You found it on level 6 of the Dungeon)

   It affects your resistance to hostile enchantments.
 S - +0 acid dragon scales
Jewellery
 B - a ring of fire (right hand)
 D - the amulet of Vitality {Regen+ HP+15}
   (You found it on level 5 of the Dungeon)

   [amulet of regeneration]

   It affects your health (+15).
   It increases your rate of regeneration.
 G - a ring of fire (left hand)
 H - the amulet "Liukhiwe" (around neck) {Spirit Int+4}
   (You found it on level 6 of the Dungeon)

   [amulet of guardian spirit]

   It causes incoming damage to be split between your health and magic.
   It affects your intelligence (+4).
 I - an uncursed ring of see invisible
 O - a +3 ring of protection
Wands
 o - a wand of digging (5)
 C - a wand of enslavement (10)
 F - a wand of acid (7)
 K - a wand of paralysis (4)
 L - a wand of random effects (28)
 N - a wand of iceblast (11)
 P - a wand of clouds (4)
 T - a wand of flame (23)
 U - a wand of scattershot (3)
Scrolls
 d - 11 scrolls of remove curse
 g - 3 scrolls of enchant armour
 s - a scroll of silence {unknown}
 t - 2 scrolls of noise {unknown}
 w - 2 scrolls of enchant weapon {unknown}
 y - 4 scrolls of teleportation
 A - 4 scrolls of immolation {unknown}
 E - a scroll of amnesia {unknown}
 R - a scroll of acquirement {unknown}
 V - a scroll of fog {unknown}
Potions
 e - a potion of mutation {unknown}
 f - 2 potions of curing
 i - 6 potions of heal wounds
 k - a potion of haste
 l - 2 potions of berserk rage {unknown}
 n - 3 potions of invisibility
 p - 2 potions of might
 u - 2 potions of agility
 v - 4 potions of brilliance
 J - 3 potions of resistance
Comestibles
 c - 35 rations
 r - a chunk of flesh


   Skills:
 + Level 12.4 Fighting
 * Level 14.7 Long Blades
 + Level 12.7 Armour
 + Level 10.3 Dodging
 - Level 3.5 Stealth
   Level 3.2 Invocations
 - Level 2.7 Evocations


You had 14 spell levels left.
You didn't know any spells.
Your spell library was empty.

Dungeon Overview and Level Annotations

Branches:
Dungeon (15/15)            Temple (1/1) D:5            Lair (2/6) D:11
    Orc (0/2) D:12         Vaults (0/5) D:13         Depths (0/5) D:15
Ossuary (visited)         Volcano (visited)
  Swamp: Lair:2-4    Shoals: Lair:2-4     Snake: Lair:2-4    Spider: Lair:2-4

Altars:
Ashenzari
Cheibriados
Dithmenos
Elyvilon
Fedhas
Gozag
Hepliaklqana
Nemelex Xobeh
Okawaru
Qazlal
Ru
Sif Muna
Trog
Uskayaw
Vehumet
Wu Jian
Xom
Yredelemnul
The Shining One

Shops:
D:4 :%:!   D:6 *   D:13 %   D:14 =

Annotations:
Lair:2 exclusion: 3 oklob plants


Innate Abilities, Weirdness & Mutations

You are resistant to torment.
Your stone body is resilient. (AC +11)
You are immune to poison.
Your large and strong wings let you fly indefinitely.
You resist negative energy. (rN+)
You are resistant to electric shocks. (rElec)
You can survive without breathing.
You are immune to petrification.
You are immune to rotting.


Message History

You slash the oklob plant!
You destroy the oklob plant!
Trog accepts your kill. The bullfrog completely misses you.
You riposte.
You slash the bullfrog!
You kill the bullfrog!
Trog accepts your kill. The water moccasin barely misses you.
You riposte.
You slice the water moccasin!!
You kill the water moccasin!
Trog accepts your kill.
You hear an angry hiss.
The porcupine bites the plant!
The oklob plant spits acid at you. The splash of acid misses you.
The splash of acid hits the plant!
The plant is splashed with acid.
The acid corrodes the plant!
The oklob plant spits acid at you. The splash of acid hits you.
* * * LOW HITPOINT WARNING * * *
The acid corrodes you!
You are splashed with acid!
You die... ####### #$P[)P# #..:..# #"!($$# #P$(.@# #.$$$.# #PPPPP#

#.....r.
##......#
##.#.P.#
##.....
.....
......#


You could see 3 oklob plants and a porcupine.

Vanquished Creatures
  A red draconian (Volcano)
  4 vault guards (D:13)
  7 hydras
  A rakshasa (D:13)
  3 centaur warriors
  4 two-headed ogres
  A tengu warrior (D:13)
  An ogre mage (D:15)
  A vampire mage (D:15)
  Nergalle (D:11)
  A skeletal warrior (D:15)
  A storm dragon zombie (D:15)
  2 unseen horrors
  A salamander mystic (Volcano)
  A necromancer (D:15)
  8 ugly things
  An oklob plant (Lair:2)
  8 cyclopes
  A tengu skeleton (D:15)
  2 deep elf magi
  4 salamanders (Volcano)
  2 manticores
  2 rust devils (D:9)
  2 molten gargoyles (Volcano)
  2 centaur zombies
  2 gargoyles
  A yaktaur zombie (D:15)
  A yaktaur (D:15)
  The ghost of Borgoz the Slasher, a novice GrGl (D:6)
  A guardian mummy (D:15)
  A harpy zombie (D:15)
  5 trolls
  3 hornets
  7 slime creatures
  Prince Ribbit (D:6)
  3 hippogriffs
  A vampire (D:12)
  Sigmund (D:3)
  2 wraiths
  2 wyverns (D:14)
  A spriggan (shapeshifter) (D:13)
  14 yaks
  A fire dragon skeleton (D:15)
  2 shadows
  A basilisk (D:13)
  Eustachio (D:6)
  4 hungry ghosts
  2 fire bats (Volcano)
  A golden eye (shapeshifter) (D:13)
  A steam dragon (D:13)
  2 vampire mosquitoes (D:14)
  2 acid dragons
  A two-headed ogre zombie (D:12)
  A water moccasin (Lair:2)
  2 soldier ants (D:8)
  A hornet zombie (D:10)
  13 orc warriors
  3 black bears (D:10)
  The ghost of KrasnyyBoyets the Chucker, an amateur TrAs (D:3)
  An ice beast (D:13)
  7 sky beasts
  4 phantoms
  2 necrophages (D:8)
  12 ogres
  11 centaurs
  2 big kobolds
  14 bullfrogs
  2 gnoll sergeants (D:6)
  A wyvern zombie (D:11)
  2 water moccasin zombies
  2 wyvern skeletons
  7 scorpions
  2 water moccasin skeletons
  3 troll zombies (D:12)
  6 killer bees (D:7)
  16 wights
  4 howler monkeys (D:9)
  3 bullfrog zombies
  10 crimson imps
  4 lava snakes (Volcano)
  A quasit (D:13)
  9 hounds
  15 orc priests
  14 orc wizards
  6 centaur skeletons
  Crazy Yiuf (D:2)
  A bullfrog skeleton (D:12)
  A gnoll shaman (D:6)
  2 jellies
  An iguana (D:9)
  Jessica (D:3)
  Terence (D:2)
  A killer bee zombie (D:8)
  11 worker ants
  2 big kobold zombies (Ossuary)
  4 ogre zombies (D:12)
  2 hound zombies
  3 mummies
  A worker ant zombie (D:5)
  Robin (D:2)
  11 adders
  7 gnolls (D:6)
  3 shadow imps
  6 adder zombies
  2 oozes
  8 worms
  A dart slug (D:2)
  6 leopard geckos
  72 orcs
  5 bats
  2 giant cockroaches
  A gnoll zombie (Ossuary)
  15 goblins
  8 hobgoblins
  9 jackals
  14 kobolds
  11 quokkas
  3 ball pythons
  4 frilled lizards
  4 goblin zombies (D:12)
  A hobgoblin skeleton (D:12)
  12 hobgoblin zombies
  A kobold zombie (Ossuary)
  3 orc skeletons (D:12)
  22 orc zombies
  A quokka skeleton (D:5)
  2 quokka zombies (D:6)
  4 rats
579 creatures vanquished.

Vanquished Creatures (others)
  5 plants (D:6)
5 creatures vanquished.

Grand Total: 584 creatures vanquished

Notes
Turn   | Place    | Note
-------+----------+-------------------------------------------
     0 | D:1      | Borgoz the Gargoyle Berserker began the quest for the Orb.
     0 | D:1      | Reached XP level 1. HP: 14/14 MP: 1/1
    74 | D:1      | Found a shimmering altar of Xom.
   245 | D:1      | Reached XP level 2. HP: 19/19 MP: 2/2
   253 | D:1      | Reached skill level 3 in Long Blades
   523 | D:2      | Noticed Robin
   594 | D:2      | Reached ** piety under Trog
   594 | D:2      | Reached XP level 3. HP: 23/23 MP: 3/3
   605 | D:2      | Killed Robin
  1119 | D:2      | Found a snail-covered altar of Cheibriados.
  1143 | D:2      | Reached XP level 4. HP: 28/28 MP: 4/4
  1183 | D:2      | Noticed an ogre
  1190 | D:2      | Killed an ogre
  1190 | D:2      | Reached skill level 4 in Long Blades
  1190 | D:2      | Reached XP level 5. HP: 29/32 MP: 5/5
  1496 | D:2      | Found a runed translucent door.
  1497 | D:2      | Noticed Crazy Yiuf
  1846 | D:2      | Killed Crazy Yiuf
  2014 | D:3      | Noticed Sigmund
  2038 | D:3      | Killed Sigmund
  2038 | D:3      | Reached skill level 5 in Long Blades
  2038 | D:3      | Reached XP level 6. HP: 20/37 MP: 6/6
  2476 | D:2      | Found a basalt altar of Yredelemnul.
  2476 | D:2      | Noticed Terence
  2480 | D:2      | Killed Terence
  2617 | D:3      | Found a runed translucent gate.
  2617 | D:3      | Found a runed translucent gate.
  2620 | D:3      | Noticed KrasnyyBoyets's ghost (amateur TrAs)
  2633 | D:3      | Noticed Jessica
  2647 | D:3      | Killed Jessica
  2647 | D:3      | Reached XP level 7. HP: 41/41 MP: 7/7
  2707 | D:3      | Found a runed translucent gate.
  2866 | D:4      | Found Ziucout's Food Emporium.
  2875 | D:4      | Found Atubbec's Book Shop.
  2911 | D:4      | Found Kufed's Distillery.
  2988 | D:4      | Reached *** piety under Trog
  3136 | D:4      | Found Citainel's Book Shoppe.
  3232 | D:4      | Reached skill level 6 in Long Blades
  3355 | D:4      | Reached skill level 5 in Armour
  3785 | D:4      | Found a bloodstained altar of Trog.
  3826 | D:5      | Entered Level 5 of the Dungeon
  3878 | D:5      | Reached XP level 8. HP: 40/46 MP: 8/8
  3977 | D:5      | Found a glowing golden altar of the Shining One.
  4260 | D:5      | Found a staircase to the Ecumenical Temple.
  4266 | D:5      | Found the amulet of Vitality {Regen+ HP+15}
  4269 | Temple   | Entered the Ecumenical Temple
  4367 | D:5      | Reached skill level 7 in Long Blades
  4450 | D:5      | Found a hazy altar of Hepliaklqana.
  4629 | D:6      | Found a sand-covered staircase.
  4650 | Ossuary  | Entered an ossuary
  4711 | Ossuary  | Reached **** piety under Trog
  4971 | D:6      | Found a transporter.
  4977 | D:6      | Found a radiant altar of Vehumet.
  5052 | D:6      | Found an iron altar of Okawaru.
  5066 | D:6      | Noticed Eustachio
  5087 | D:6      | Reached XP level 9. HP: 52/52 MP: 9/9
  5154 | D:6      | Killed Eustachio
  5190 | D:6      | Found an opulent altar of Gozag.
  5192 | D:6      | Got a pitted bone amulet
  5193 | D:6      | Identified the amulet "Liukhiwe" {Spirit Int+4} (You found
                  | it on level 6 of the Dungeon)
  5260 | D:6      | Found Gozag's Platinum Reserve.
  5265 | D:6      | Noticed Prince Ribbit
  5281 | D:6      | Killed Prince Ribbit
  5281 | D:6      | Reached skill level 8 in Long Blades
  5281 | D:6      | Reached skill level 5 in Dodging
  5342 | D:6      | Found a shimmering blue altar of Sif Muna.
  5463 | D:6      | Noticed a hornet
  5475 | D:6      | Killed a hornet
  5475 | D:6      | Reached skill level 5 in Fighting
  5608 | D:6      | Found a transporter.
  5811 | D:3      | Killed KrasnyyBoyets's ghost
  5917 | D:6      | Noticed Borgoz's ghost (novice GrGl)
  5936 | D:6      | Killed Borgoz's ghost
  6050 | D:6      | Reached ***** piety under Trog
  6050 | D:6      | Received a gift from Trog
  6134 | D:6      | Got a steaming chain mail
  6145 | D:6      | Identified the +5 chain mail "Minkunku" {MR+} (You found it
                  | on level 6 of the Dungeon)
  6277 | D:7      | Reached skill level 9 in Long Blades
  6277 | D:7      | Reached XP level 10. HP: 60/60 MP: 10/10
  7299 | D:8      | Noticed a cyclops
  7309 | D:8      | Killed a cyclops
  7404 | D:8      | Found a white marble altar of Elyvilon.
  7567 | D:8      | Received a gift from Trog
  7569 | D:8      | Reached skill level 10 in Long Blades
  7596 | D:8      | Reached XP level 11. HP: 68/68 MP: 10/13
  7597 | D:8      | Reached skill level 11 in Long Blades
  7597 | D:8      | Reached XP level 12. HP: 76/76 MP: 10/14
  8181 | D:9      | Found a shadowy altar of Dithmenos.
  8477 | D:10     | Entered Level 10 of the Dungeon
  8498 | D:10     | Reached skill level 10 in Armour
  8666 | D:9      | Reached XP level 13. HP: 81/81 MP: 15/15
  8899 | D:10     | Reached skill level 12 in Long Blades
  8909 | D:10     | Received a gift from Trog
  8970 | D:10     | Reached skill level 10 in Fighting
  9386 | D:11     | Found a staircase to the Lair.
  9583 | D:11     | Noticed Nergalle
  9593 | D:11     | Killed Nergalle
  9863 | D:11     | Received a gift from Trog
 10200 | D:12     | Found a staircase to the Orcish Mines.
 10203 | D:12     | Received a gift from Trog
 10621 | D:12     | Reached skill level 13 in Long Blades
 10867 | D:13     | Noticed a rakshasa
 10876 | D:13     | Killed a rakshasa
 10892 | D:13     | Got a slimy chain mail
 11132 | D:13     | Received a gift from Trog
 11319 | D:13     | Gained mutation: Your large and strong wings let you fly
                  | indefinitely. [Gargoyle growth]
 11319 | D:13     | Reached XP level 14. HP: 90/90 MP: 16/16
 11354 | D:13     | Found Tiawnij's Food Boutique.
 11456 | D:13     | Found a gate to the Vaults.
 11681 | D:13     | Identified the cursed +0 chain mail of Space {+Inv rF- rN+
                  | Stlth+} (You found it on level 13 of the Dungeon)
 11847 | D:14     | Found Wuit's Jewellery Shop.
 12387 | D:14     | Received a gift from Trog
 12480 | D:15     | Entered Level 15 of the Dungeon
 12552 | D:15     | Reached skill level 14 in Long Blades
 12567 | D:15     | Found a staircase to the Depths.
 12947 | D:15     | Reached skill level 10 in Dodging
 13392 | D:15     | Reached XP level 15. HP: 75/96 MP: 12/17
 13716 | Lair:1   | Entered Level 1 of the Lair of Beasts
 13775 | Lair:1   | Found a dark tunnel.
 13780 | Volcano  | Entered a volcano
 13943 | Volcano  | Found a bloodstained altar of Trog.
 13964 | Volcano  | Received a gift from Trog
 14629 | Lair:1   | You are sucked into a shaft and drop 1 floor!
 14642 | Lair:2   | HP: 4/145 [oklob plant/splash of acid (5)]
 14642 | Lair:2   | Splashed by an oklob plant's acid

Levels and vault maps discovered:
D:1:      lemuel_arrival_lava_pool, layout_basic, xom_teletrap_fun
D:2:      lemuel_upstairs_altar, layout_loops_ring,
          nicolae_overflow_crystal_walls, minmay_fountain_box,
          uniq_crazy_yiuf_cottage, uniq_terence, uniq_robin
D:3:      layout_loops_corners, gammafunk_ghost_split, uniq_sigmund,
          uniq_jessica
D:4:      layout_loops_ring, lightli_temple_of_fire, serial_shops,
          kennysheep_little_box, kennysheep_mini, nicolae_shop_crystal, shop
D:5:      layout_basic, marbit_many_paths, tso_metal_star,
          minmay_temple_entry_grid, first_ration, st_stairs_1
D:6:      layout_basic, okawaru_ov_weapons_minmay, old_standard_altar,
          led_sif_book, enter_ossuary_4, gammafunk_ghost_gnarly_gnolls,
          nicolae_gozag_zags_fifth_avenue, uniq_prince_ribbit1, uniq_eustachio
D:7:      layout_basic
D:8:      layout_rooms, serial_undead, serial_undead_a, serial_undead_b,
          serial_undead_e, serial_undead_b, hangedman_pestilent_swarm,
          elyvilon_altar_3
D:9:      cheibrodos_iron_armory, layout_gridville,
          nicolae_dithmenos_the_darkroom
D:10:     layout_rooms
D:11:     layout_roguey, lair_entry_dummy, special_room [special_room_orc],
          uniq_nergalle
D:12:     layout_roguey, zombieorc2_lemuel
D:13:     layout_gridville, lightli_vaults_fourway_checkpoint, serial_shops,
          shop
D:14:     layout_roguey, serial_shops, shop_fountains,
          chequers_serial_rivers_micro_d, chequers_serial_rivers_room_a,
          hangedman_decor_points
D:15:     gammafunk_depths_entry_grave, layout_basic, st_stairs_10
Temple:   eino_narrow_crystal_temple
Lair:1:   layout_long_grid, enter_volcano_4
Lair:2:   layout_misc_corridors, basic_altar, minmay_another_anthill,
          minmay_lair_oklob_chamber, serial_bayou_shore_b

Skill      XL: |  1  2  3  4  5  6  7  8  9 10 11 12 13 14 |
---------------+-------------------------------------------+-----
Long Blades    | 3 4 5 6 7 9 10 11 13 14 | 14.7
Dodging        | 2 3 4 5 6 7 8 9 10 | 10.3
Armour         | 3 4 5 6 7 9 10 11 12 | 12.7
Fighting       | 4 5 7 9 11 12 | 12.4
Stealth        | 3 |  3.5
Invocations    | 3 |  3.2
Evocations     | 2 |  2.7

Action                   |  1- 3 |  4- 6 |  7- 9 | 10-12 | 13-15 || total
-------------------------+-------+-------+-------+-------+-------++-------
Melee: Falchion          |    65 |    93 |   729 |       |       ||   887
       Scimitar          |       |       |    30 |   344 |  1190 ||  1564
       Great sword       |       |       |       |       |    30 ||    30
Throw: Throwing net      |       |       |       |       |     1 ||     1
Invok: Berserk           |     2 |     5 |     7 |       |     8 ||    22
       Trog's Hand       |       |     1 |     1 |       |     1 ||     3
 Abil: Fly               |       |       |       |       |     1 ||     1
Evoke: Wand              |       |       |     3 |       |     4 ||     7
  Use: Potion            |       |     2 |       |     2 |       ||     4
       Scroll            |       |       |     8 |     6 |     7 ||    21
 Stab: Invisible         |       |       |     2 |       |       ||     2
       Held in net/web   |       |       |       |       |     1 ||     1
  Eat: Chunk             |     3 |     5 |    17 |    12 |    32 ||    69
       Ration            |       |     1 |     1 |       |       ||     2
Armor: Animal skin       |    35 |       |       |       |       ||    35
       Ring mail         |     3 |    31 |   153 |       |       ||   187
       Leather armour    |       |       |   268 |       |       ||   268
       Chain mail        |       |       |    18 |   263 |   801 ||  1082
Dodge: Dodged            |    73 |    44 |   542 |   221 |   766 ||  1646
Block: Other             |       |       |     9 |       |       ||     9
       Rpst.: Falchion   |    29 |    16 |   147 |       |       ||   192
       Scimitar          |       |       |     3 |    49 |   177 ||   229
       Great sword       |       |       |       |       |     3 ||     3

Table legend:
 A = Non-vault XP
 B = Vault XP
 C = Vault XP percentage of total XP
 D = Non-vault monster count
 E = Vault monster count
 F = Vault count percentage of total count
                 A         B        C        D         E       F
            +---------+---------+-------+---------+---------+-------
      Total |   50482 |   26153 |  34.1 |     390 |     189 |  32.6
            +---------+---------+-------+---------+---------+-------
        D:1 |      23 |       4 |  14.8 |      14 |       2 |  12.5
        D:2 |     170 |     109 |  39.1 |      16 |      13 |  44.8
        D:3 |     100 |     394 |  79.8 |      19 |       5 |  20.8
        D:4 |     501 |       0 |   0.0 |      17 |       0 |   0.0
        D:5 |     693 |      33 |   4.5 |      20 |       3 |  13.0
        D:6 |     979 |    1193 |  54.9 |      21 |      17 |  44.7
        D:7 |    1608 |       0 |   0.0 |      40 |       0 |   0.0
        D:8 |    1095 |     960 |  46.7 |      11 |      15 |  57.7
        D:9 |    1577 |    1208 |  43.4 |      30 |       4 |  11.8
       D:10 |    4560 |     133 |   2.8 |      37 |       1 |   2.6
       D:11 |    5291 |    1707 |  24.4 |      42 |      24 |  36.4
       D:12 |    6958 |     906 |  11.5 |      34 |      36 |  51.4
       D:13 |    4369 |    7587 |  63.5 |      21 |      12 |  36.4
       D:14 |    9386 |       0 |   0.0 |      36 |       0 |   0.0
       D:15 |   12051 |    5468 |  31.2 |      29 |      12 |  29.3
     Lair:1 |    1121 |       0 |   0.0 |       3 |       0 |   0.0
     Lair:2 |       0 |     812 | 100.0 |       0 |       3 | 100.0
    Ossuary |       0 |     213 | 100.0 |       0 |      28 | 100.0
    Volcano |       0 |    5426 | 100.0 |       0 |      14 | 100.0
            +---------+---------+-------+---------+---------+-------
